Map: Oxide LE

Players

MarineLorD - Winner!

  • Race: Terran Terran
  • League: Master

ForJumy

  • Race: Protoss Protoss

Event: DreamHack SC2 Masters 2021 Winter

VOD

Have the link to the VOD?

Description

Time

  • Played on: Sept. 29, 2021, 1:43 p.m.
  • Length: 9:38

All games in this series

Show
View Real Time Build Order
Export as new Build Order

MarineLorD Terran - Winner!

Build Orders:  

Get SALT Encoding   

  12  0:00  SCV  
  13  0:12  SCV  
  14  0:17  Supply Depot  
  14  0:24  SCV  
  15  0:38  SCV  
  15  0:39  Barracks  
  16  0:44  Refinery  
  16  0:50  SCV  
  17  1:02  SCV  
  18  1:14  SCV  
  19  1:25  Marine  
  19  1:26  Orbital Command  
  20  1:47  Barracks Reactor  
  20  1:49  Command Center  
  20  1:53  SCV  
  21  2:00  Supply Depot  
  21  2:05  SCV  
  22  2:13  Barracks  
  22  2:17  SCV  
  22  2:20  Barracks  
  23  2:24  Marine  
  23  2:25  Marine  
  23  2:29  SCV  
  26  2:41  Marine  
  26  2:42  SCV, Marine  
  29  2:54  SCV  
  30  3:00  Marine  
  30  3:01  Marine, Orbital Command  
  30  3:04  Barracks Tech Lab  
  32  3:06  SCV  
  32  3:07  Barracks Tech Lab  
  33  3:17  Marine  
  33  3:18  Bunker, Marine  
  35  3:22  SCV, Marine  
  35  3:23  Stimpack  
  35  3:27  Marine  
  37  3:29  SCV  
  37  3:33  Supply Depot  
  39  3:34  SCV  
  39  3:36  Combat Shield  
  39  3:37  Marine x2  
  42  3:41  SCV  
  42  3:44  Marine  
  42  3:46  SCV  
  45  3:50  Supply Depot  
  45  3:54  SCV  
  46  3:56  Engineering Bay, Marine  
  46  3:57  Marine  
  46  3:58  SCV  
  48  4:07  SCV  
  48  4:09  Refinery, Marine x2  
  51  4:10  SCV  
  51  4:14  Factory  
  52  4:20  Marine x2  
  52  4:21  Supply Depot  
  52  4:23  SCV  
  52  4:24  SCV  
  56  4:29  Missile Turret, Marine x2  
  58  4:34  Supply Depot  
  58  4:36  SCV x2  
  60  4:40  Marine x2  
  62  4:48  SCV x2  
  62  4:52  Marauder  
  66  4:53  Refinery  
  66  4:56  Terran Infantry Weapons Level 1  
  65  5:00  Marine x2  
  65  5:02  Marauder  
  69  5:08  SCV  
  69  5:09  Supply Depot  
  69  5:10  Refinery  
  70  5:15  Marine  
  70  5:17  SCV  
  70  5:19  Starport  
  70  5:21  SCV, Factory Reactor  
  73  5:27  Marauder, Marine  
  76  5:28  Supply Depot  
  76  5:30  SCV  
  77  5:36  SCV  
  77  5:42  SCV  
  75  5:43  Marauder  
  75  5:47  Marine  
  75  5:48  SCV  
  78  5:51  Bunker, Marine x2  
  78  5:54  SCV  
  81  5:57  Medivac  
  81  6:00  SCV  
  84  6:04  Marine  
  84  6:09  SCV  
  82  6:12  SCV  
  81  6:19  Marine  
  81  6:20  Marauder  
  81  6:21  SCV, Factory Tech Lab  
  81  6:23  Marauder, Marine  
  85  6:30  Supply Depot  
  84  6:34  Supply Depot  
  84  6:35  Supply Depot  
  84  6:38  Marine  
  82  6:40  Medivac x2  
  82  6:41  Marauder, SCV  
  82  6:42  Siege Tank  
  82  6:46  Marine  
  79  6:47  SCV  
  79  6:53  Marauder, SCV  
  76  6:56  Marine  
  76  6:59  SCV  
  76  7:02  Marine  
  76  7:04  Marine  
  76  7:05  SCV  
  76  7:11  SCV  
  76  7:14  Siege Tank  
  76  7:15  Medivac  
  80  7:22  SCV  
  74  7:30  SCV  
  74  7:33  Marauder x2, Marine x2  
  81  7:37  Terran Infantry Armor Level 1  
  81  7:46  Missile Turret  
  81  7:53  Marine  
  81  7:54  Marauder  
  81  7:58  Marauder, Marine  
  86  8:04  Concussive Shells  
  86  8:05  SCV  
  88  8:11  Marine  
  88  8:16  Marauder, Marine  
  88  8:19  SCV, Marine  
  91  8:20  SCV, Barracks  
  91  8:21  Barracks  
  91  8:29  Marine  
  91  8:32  SCV x2  
  91  8:34  Marine  
  90  8:37  Marauder x2  
  86  8:44  SCV  
  86  8:47  Marine  
  86  8:51  Marine  
  84  8:59  Marauder x2  
  84  9:00  SCV  
  86  9:04  Marine  
  86  9:06  SCV, Viking  
  86  9:07  Viking  
  86  9:09  Command Center, Marine  
  93  9:13  Barracks Reactor  
  93  9:15  Barracks Tech Lab  
  93  9:18  Supply Depot  
  93  9:19  Supply Depot  
  93  9:28  Armory  
Show
View Real Time Build Order
Export as new Build Order

ForJumy Protoss 

Build Orders: 1 Gate Expand, Blink Stalkers 

Get SALT Encoding   

  12  0:00  Probe  
  13  0:12  Probe  
  14  0:16  Pylon  
  14  0:24  Probe  
  15  0:34  Gateway  
  15  0:36  Probe (Chrono Boost)  
  16  0:45  Probe (Chrono Boost)  
  16  0:46  Assimilator  
  17  0:50  Probe (Chrono Boost)  
  18  1:02  Probe  
  19  1:15  Probe  
  20  1:24  Nexus  
  20  1:34  Cybernetics Core  
  20  1:39  Assimilator  
  20  1:42  Probe  
  21  1:49  Pylon  
  21  1:54  Probe  
  22  2:06  Probe  
  22  2:07  Stalker (Chrono Boost)  
  23  2:11  Warp Gate  
  25  2:19  Probe  
  26  2:26  Twilight Council  
  26  2:31  Probe (Chrono Boost)  
  26  2:34  Stalker  
  26  2:37  Probe (Chrono Boost)  
  30  2:43  Probe (Chrono Boost)  
  31  2:46  Probe (Chrono Boost)  
  31  2:48  Probe (Chrono Boost)  
  31  2:51  Probe (Chrono Boost)  
  33  2:58  Gateway, Probe  
  34  3:04  Probe  
  36  3:08  Robotics Facility  
  36  3:13  Blink (Chrono Boost)  
  36  3:14  Probe (Chrono Boost)  
  36  3:17  Probe (Chrono Boost)  
  39  3:29  Gateway, Probe (Chrono Boost)  
  39  3:32  Probe (Chrono Boost)  
  40  3:35  Gateway  
  40  3:36  Probe (Chrono Boost)  
  40  3:39  Probe (Chrono Boost)  
  42  3:42  Assimilator  
  42  3:45  Pylon  
  42  3:49  Probe  
  42  3:50  Probe  
  44  4:00  Stalker  
  46  4:04  Observer  
  46  4:05  Stalker  
  46  4:09  Probe  
  50  4:10  Pylon  
  50  4:12  Pylon  
  50  4:14  Probe  
  52  4:24  Warp Prism  
  52  4:29  Stalker x2, Pylon  
  58  4:34  Stalker  
  58  4:36  Stalker  
  61  4:41  Pylon  
  60  4:56  Stalker x2  
  60  4:57  Stalker, Observer  
  66  5:03  Pylon  
  66  5:08  Observer  
  66  5:10  Stalker  
  66  5:13  Probe x2  
  70  5:16  Assimilator  
  70  5:25  Stalker x3  
  70  5:28  Stalker  
  78  5:32  Probe  
  79  5:48  Stalker x2  
  81  5:50  Stalker x2  
  81  5:53  Nexus  
  85  6:01  Robotics Bay  
  85  6:05  Observer  
  85  6:10  Probe (Chrono Boost)  
  85  6:11  Stalker x2  
  87  6:18  Stalker, Probe (Chrono Boost)  
  83  6:28  Probe (Chrono Boost)  
  83  6:29  Probe (Chrono Boost)  
  84  6:34  Probe x2 (Chrono Boost)  
  84  6:39  Stalker x3  
  90  6:46  Probe  
  87  6:47  Stalker  
  81  6:57  Probe  
  82  7:01  Stalker  
  82  7:02  Stalker x2  
  86  7:10  Stalker  
  86  7:12  Probe  
  79  7:29  Colossus (Chrono Boost)  
  67  7:35  Probe (Chrono Boost), Charge  
  76  7:40  Probe (Chrono Boost)  
  76  7:41  Probe (Chrono Boost)  
  77  7:45  Probe (Chrono Boost)  
  77  7:49  Probe x2 (Chrono Boost)  
  77  7:50  Probe (Chrono Boost)  
  79  7:57  Forge  
  80  7:59  Gateway, Probe  
  80  8:00  Probe  
  80  8:02  Probe  
  83  8:08  Shield Battery  
  83  8:11  Probe  
  83  8:12  Colossus (Chrono Boost), Probe, Sentry  
  83  8:15  Zealot x3  
  95  8:22  Pylon  
  95  8:26  Probe  
  78  8:35  Zealot x3  
  78  8:36  Zealot  
  70  8:42  Probe x2  
  70  8:44  Probe  
  67  8:53  Zealot  
  67  8:54  Probe x2  
  67  8:57  Zealot x4  
  67  9:01  Observer  
  71  9:03  Probe  
  71  9:05  Shield Battery  
  78  9:13  Gateway  
  78  9:15  Sentry  
  80  9:18  Gateway  
  80  9:21  Sentry  
  76  9:33  Gateway  

Tags
 
Add a new tag
Caveats
  • Supply blocks, unpowered buildings, or Contaminate may cause inaccurate times.
  • Supply counts are checked every 10 seconds.